 Dungeon Crawl Stone Soup version 0.17-a0-2118-g63bad21 (webtiles) character file.

77 4thArraOfDagon the Firebug (level 4, -12/24 HPs)
             Began as a Deep Elf Fire Elementalist on Oct 20, 2015.
             Killed by divine providence
             ... invoked by an orc priest
              (16 damage)
             ... on level 5 of the Dungeon.
             The game lasted 00:02:03 (420 turns).

4thArraOfDagon the Firebug (DEFE)                    Turns: 420, Time: 00:02:03

Health: -12/24     AC:  6    Str: 17    XL:     4   Next: 14%
Magic:  4/11       EV: 12    Int: 21    God:
Gold:   68         SH:  0    Dex: 11    Spells: 3 memorised, 2 levels left

rFire  + . .     SeeInvis .     j - +0 halberd
rCold  + . .     Clarity  .     a - +1 robe
rNeg   . . .     SustAt   .     (no shield)
rPois  +         Gourm    .     (no helmet)
rElec  +         Spirit   .     n - +2 cloak of Vashue Hoxt {Str+5 Dex-4}
rCorr  +         Warding  .     (no gloves)
rMut   .         Stasis   .     (no boots)
MR     .....                    (no amulet)
Stlth  ++........               (no ring)
                                h - +2 ring of strength

@: mighty, about to teleport, resistant, very slightly contaminated, hasted
(expiring), very quick, not resistant to hostile enchantments, unstealthy
A: no striking features
a: no special abilities


You were on level 5 of the Dungeon.
You were not hungry.

You visited 1 branch of the dungeon, and saw 5 of its levels.

You collected 68 gold pieces.

Inventory:

Hand Weapons
 j - a +0 halberd (weapon)
Armour
 a - a +1 robe (worn)
 n - the +2 cloak of Vashue Hoxt (worn) {Str+5 Dex-4}
   (You found it on level 5 of the Dungeon)

   It affects your strength (+5).
   It affects your dexterity (-4).
Jewellery
 h - a +2 ring of strength (left hand)
Scrolls
 d - 3 scrolls of enchant weapon {unknown}
Potions
 e - a potion of might
Books
 b - a book of Flames

   Spells                             Type                      Level
   a - Flame Tongue                   Conjuration/Fire             1
   b - Throw Flame                    Conjuration/Fire             2
   c - Conjure Flame                  Conjuration/Fire             3
   d - Inner Flame                    Hexes/Fire                   3
   e - Sticky Flame                   Conjuration/Fire             4
   f - Fireball                       Conjuration/Fire             5
Comestibles
 c - a bread ration


   Skills:
 - Level 2.4 Dodging
 - Level 2.4 Stealth
 + Level 3.7 Spellcasting
 * Level 3.0 Conjurations
 * Level 4.2 Fire Magic


You had 2 spell levels left.
You knew the following spells:

 Your Spells              Type           Power        Failure   Level  Hunger
a - Flame Tongue          Conj/Fire      ###..        2%          1    None
b - Conjure Flame         Conj/Fire      ###.....     10%         3    ###....
c - Sticky Flame          Conj/Fire      ###.....     28%         4    ####...


Dungeon Overview and Level Annotations

Branches:
Dungeon (5/15)
 Temple: D:4-7

Altars:
Okawaru

Annotations:
D:1 2 exclusions


Message History

Aiming: Flame Tongue
Press: ? - help, Shift-Dir - straight line, f - jackal
Aim: a jackal The flame tongue hits the jackal.
The jackal is lightly wounded.
The jackal barks!
The orc barely misses you. The jackal bites you.
* * * LOW HITPOINT WARNING * * *
Unknown command.
Casting: Flame Tongue
Confirm with . or Enter, or press ? or * to list all spells.
Aiming: Flame Tongue
Press: ? - help, Shift-Dir - straight line, f/p - jackal
Aim: a jackal (lightly wounded)
The flame tongue hits the jackal.
You kill the jackal!
The orc priest invokes the aid of Beogh against you.
Something smites you!
Ouch! That really hurt!
You die... ####### ......# ##.##.# ###### # ... ..n..######## #.8.oooo@hhh#

###########.# ### ### #.#
#.# #.# #h######## #.#
##'## #........# #.#
##...## #h.#####.# ##.#
##.....## ##.h#
...###.......## #...###
.####.........####.....##


You could see a necrophage, an orc priest, 2 orc wizards, an orc and 3 jackals.

Vanquished Creatures
  An ogre (D:5)
  A jackal (D:5)
  2 giant newts
4 creatures vanquished.

Notes
Turn   | Place    | Note
--------------------------------------------------------------
     0 | D:1      | 4thArraOfDagon the Deep Elf Fire Elementalist began the quest for the Orb.
     0 | D:1      | Reached XP level 1. HP: 10/10 MP: 6/6
   134 | D:3      | Found an iron altar of Okawaru.
   165 | D:4      | Noticed a scorpion
   262 | D:5      | Entered Level 5 of the Dungeon
   324 | D:5      | Got a warped cloak
   330 | D:5      | Identified the +2 cloak of Vashue Hoxt {Str+5 Dex-4} (You found it on level 5 of the Dungeon)
   373 | D:5      | Noticed an ogre
   383 | D:5      | Killed an ogre
   383 | D:5      | Reached skill level 4 in Fire Magic
   383 | D:5      | Reached XP level 2. HP: 15/15 MP: 3/8
   383 | D:5      | Reached XP level 3. HP: 19/19 MP: 3/10
   383 | D:5      | Reached XP level 4. HP: 24/24 MP: 3/11
   388 | D:5      | Learned a level 3 spell: Conjure Flame
   393 | D:5      | Learned a level 4 spell: Sticky Flame
   407 | D:5      | Noticed an orc wizard
   410 | D:5      | Noticed an orc priest
   410 | D:5      | Noticed an orc priest
   411 | D:5      | Noticed an orc wizard
   418 | D:5      | Noticed a necrophage
   420 | D:5      | Killed from afar by an orc priest

Vault maps used:
D:1:      dpeg_cavernosity, kennysheep_crisscross
D:2:      makhleb_blood_cavern_becter, nicolae_qazlal_eye_of_the_storm,
          evilmike_ruin_ashenzari, first_bread, uniq_robin, uniq_terence
D:3:      overflow_temple_1_default
D:4:      nicolae_overflow_hidden_temple, minmay_door_square
D:5:      minitemple, basic_altar, kennysheep_small_square, uniq_menkaure,
          uniq_duvessa, uniq_pikel

Action                   |  1- 3 |  4- 6 || total
-------------------------+-------+-------++-------
Melee: Halberd           |       |     1 ||     1
 Cast: Flame Tongue      |     4 |     3 ||     7
  Use: Potion            |     1 |     3 ||     4
       Scroll            |       |     3 ||     3
